 Dungeon Crawl Stone Soup version 0.21.0-3-g78d12a8 (webtiles) character file.

92 JeffiDaFish the Shield-Bearer (level 4, -1/29 HPs)
             Began as a Gargoyle Fighter on Jan 9, 2018.
             Slain by a gnoll (3 damage)
             ... on level 2 of the Dungeon.
             The game lasted 00:03:17 (1096 turns).

JeffiDaFish the Shield-Bearer (Gargoyle Fighter)    Turns: 1096, Time: 00:03:18

Health: -1/29      AC: 11    Str: 19      XL:     4   Next: 60%
Magic:  4/4        EV:  7    Int:  8 (9)  God:
Gold:   84         SH:  9    Dex:  9 (10) Spells: 3/3 levels left

rFire    x . .     SeeInvis .   a - +1 flail
rCold    + . .     Gourm    .   c - +1 shield
rNeg     + . .     Faith    .   b - +0 scale mail
rPois    ∞         Spirit   .   l - +0 helmet
rElec    +         Reflect  .   (no cloak)
rCorr    .         Harm     .   (no gloves)
MR       .....                  (no boots)
Stlth    ..........             (no amulet)
HPRegen  0.09/turn              h - ring of ice
MPRegen  0.09/turn              (no ring)

@: heavily drained
A: negative energy resistance 1, electricity resistance, unbreathing,
petrification resistance, rot immunity, AC +3
a: no special abilities


You were on level 2 of the Dungeon.
You were not hungry.

You visited 1 branch of the dungeon, and saw 2 of its levels.

You collected 84 gold pieces.

Inventory:

Hand Weapons
 a - a +1 flail (weapon)
 j - a +0 whip of electrocution
Armour
 b - a +0 scale mail (worn)
 c - a +1 shield (worn)
 l - a +0 helmet (worn)
Jewellery
 h - a ring of ice (left hand)
Scrolls
 e - 2 scrolls of identify
Potions
 d - a potion of might
 i - 2 potions of curing
Comestibles
 f - 4 rations
 k - 4 chunks of flesh


   Skills:
 + Level 3.8(2.3) Fighting
 + Level 2.5(1.1) Maces & Flails
 + Level 3.8(2.3) Armour
 * Level 1.0(0.0) Dodging
 + Level 4.3(2.8) Shields


You had 3 spell levels left.
You didn't know any spells.

Dungeon Overview and Level Annotations

Branches:
Dungeon (2/15)

Altars:
Kikubaaqudgha


Innate Abilities, Weirdness & Mutations

You are resistant to torment.
Your stone body is resilient. (AC +3)
You are immune to poison.
You resist negative energy. (rN+)
You are resistant to electric shocks. (rElec)
You can survive without breathing.
You are immune to petrification.
You are immune to rotting.


Message History

Your shield prevents you from hitting the gnoll.
The goblin shoots a stone.
The stone hits you but does no damage. The gnoll hits you.
The goblin shoots a stone.
You block the stone.
You hit the gnoll.
The gnoll is lightly wounded.
The gnoll barely misses you.
The goblin shoots a stone.
You block the stone. The gnoll hits you.
* * * LOW HITPOINT WARNING * * *
You closely miss the gnoll.
The gnoll is lightly wounded.
You block the gnoll's attack.
You hit the gnoll.
The gnoll is severely wounded.
The goblin shoots a stone.
You block the stone. You block the gnoll's attack.
The goblin shoots a stone.
The stone barely misses you. The gnoll hits you.
* * * LOW HITPOINT WARNING * * *
Your shield and scale mail prevent you from hitting the gnoll.
The gnoll is severely wounded.
The gnoll hits you.
You die...

##.....#####...##...#
##.......###.........#
#.........#...#...####
#.......(.(...#..##
#.$....(......##... ##
#.>........##.##.#.##.
#...)g....###....#..<.
##..g†...## #..## #...
#....@....# #.# ##...
#.........####..##....
#.........#...........
#....!...(............
#................<....
##...(......>.......).
##...................
#####.##............
#............


You could see a gnoll and a goblin.

Vanquished Creatures
  2 gnolls (D:2)
  3 adders (D:2)
  An ooze (D:1)
  A worm (D:2)
  A dart slug (D:1)
  A ball python (D:1)
  3 bats
  3 giant cockroaches (D:1)
  5 goblins
  3 jackals (D:1)
  6 kobolds
  A quokka (D:2)
  5 frilled lizards
  5 rats
40 creatures vanquished.

Notes
Turn   | Place    | Note
-------+----------+-------------------------------------------
     0 | D:1      | JeffiDaFish the Gargoyle Fighter began the quest for the Orb.
     0 | D:1      | Reached XP level 1. HP: 14/14 MP: 1/1
    32 | D:1      | Reached XP level 2. HP: 17/19 MP: 2/2
   426 | D:1      | Reached XP level 3. HP: 24/24 MP: 3/3
   782 | D:2      | Reached skill level 4 in Shields
   916 | D:2      | Reached XP level 4. HP: 29/29 MP: 4/4
  1009 | D:2      | Found an ancient bone altar of Kikubaaqudgha.
  1089 | D:2      | Reached skill level 1 in Dodging
  1096 | D:2      | Slain by a gnoll

Skill      XL: |  1  2  3  4 |
---------------+-------------+-----
Shields        | 4 |  4.3
Dodging        | 1 |  1.0
Fighting       | |  3.8
Maces & Flails | |  2.5
Armour         | |  3.8

Action                   |  1- 3 |  4- 6 || total
-------------------------+-------+-------++-------
Melee: Flail             |   129 |    36 ||   165
  Use: Scroll            |     6 |       ||     6
       Potion            |     2 |     3 ||     5
  Eat: Chunk             |       |     1 ||     1
Armor: Scale mail        |    96 |    26 ||   122
Dodge: Dodged            |    56 |    22 ||    78
Block: Shield            |   119 |    32 ||   151
